 Dungeon Crawl Stone Soup version 0.32-a0-18-g89e19f1974 (webtiles) character file.

Game seed: 1538895630408781126

37 Hellonello the Changeling (level 3, 0/23 HPs)
             Began as an Octopode Shapeshifter on Jan 16, 2024.
             Slain by an orc
             ... wielding a +0 whip
              (1 damage)
             ... on level 2 of the Dungeon.
             The game lasted 00:03:59 (1337 turns).

Hellonello the Changeling (Octopode Shapeshifter)   Turns: 1337, Time: 00:04:00

Health: 0/23       AC:  1    Str: 13    XL:     3   Next: 39%
Magic:  3/3        EV: 13    Int: 12    God:
Gold:   89         SH:  0    Dex: 13    Spells: 2/2 levels left

rFire   . .          .
                       - Unarmed
rCold   . . .        (no shield)
rNeg    . . .        (helmet currently unavailable)
rPois   .            (no amulet)
rElec   .            e - +4 ring of slaying
rCorr   .            (no ring)
SInv    .            (no ring)
Will    .....        (no ring)
Stlth   ++           (no ring)
HPRegen 0.23/turn    (no ring)
MPRegen 0.08/turn    (no ring)
                     (no ring)

%: no passive effects
@: confused, beast-form
A: beast (slay +2), almost no armour, amphibious, 8 rings, camouflage 1,
gelatinous body 1, (nimble swimmer 1), tentacles
a: Begin Untransformation


You were on level 2 of the Dungeon.
You were a hulking beast.
You visited 1 branch of the dungeon, and saw 2 of its levels.

You collected 89 gold pieces.

Inventory:

Jewellery
 e - a +4 ring of slaying (left tentacle)
Talismans
 b - a beast talisman
 c - a flux talisman
Scrolls
 h - a scroll of identify
 i - a scroll of immolation {unknown}
Potions
 a - a potion of lignification
 d - a potion of degeneration {unknown}
 f - a potion of brilliance
 g - 2 potions of enlightenment {unknown}


   Skills:
 - Level 1.0 Fighting
 + Level 3.0 Dodging
 - Level 3.0 Unarmed Combat
 + Level 3.6 Shapeshifting


You had 2 spell levels left.
You didn't know any spells.
Your spell library was empty.

Dungeon Overview and Level Annotations

Branches:
Dungeon (2/15)

Altars:

Shops:
D:1 (   D:2 =


Innate Abilities, Weirdness & Mutations

You are a hulking beast.
Your limbs bulge with bestial killing power. (Slay +2)
You cannot wear most types of armour.
You are amphibious.
You can wear up to eight rings at the same time.
Your skin changes colour to match your surroundings (Stealth+).
Your rubbery body absorbs attacks. (AC +1, EV +1)
((You are camouflaged when in or above water. (Stealth+)))
You have tentacles for arms and can constrict up to eight enemies at once.


Message History

An orc wizard and 2 orcs come into view.
The orc shouts! x2; The orc wizard shouts!
The orc shouts!
You tentacle-slap the orc. You grab the orc.
The orc is heavily wounded.
You constrict the orc. The orc barely misses you.
You bludgeon the orc!
You kill the orc!
Your Dodging skill increases to level 3!
The orc closely misses you.
Things that are here:
a +0 club; an orc corpse You tentacle-slap the orc but do no damage.
You grab the orc. You squeeze the orc.
The orc is moderately wounded.
You constrict the orc, but do no damage.
The orc hits you with a +0 falchion! The orc wizard casts a spell at you.
You are confused.
You release your grip on the orc.
The orc attacks as it pursues you! The orc hits you with a +0 whip.
The orc attacks as it pursues you! The orc closely misses you.
The orc wizard attacks as it pursues you!
The orc wizard hits you with a +0 dagger.
You're too confused to move!
The orc wizard gestures wildly while chanting.
The orc wizard flickers and vanishes!
Deactivating autopickup; reactivate with Ctrl-A.
The orc closely misses you. x2
You tentacle-slap something but do no damage.
Your squeeze misses something. The orc hits you with a +0 falchion.
You closely miss something. You squeeze something!
You hear some strange, mumbled words.
A magic dart appears from out of thin air!
The magic dart hits you!
* * * LOW HITPOINT WARNING * * *
The orc hits you with a +0 falchion.
* * * LOW HITPOINT WARNING * * *
The orc hits you with a +0 whip.
You die...

........## #.#### .........#
#....< .........# ###..#
.........# ########..## .......<#
#........### .......## #......###
# ###.###### #.....<# #
.........######### #......#
...........#....h## ........#
...............o{o##.#......#
................)..#.############
........................ .....
........>..........#.### #####
.........†...........# ###
................!.........#######
....#.............#######.....#..
#................###.....##......


You could see 2 orcs.

Vanquished Creatures
  A dart slug (D:2)
  A ribbon worm (D:2)
  An orc (D:2)
  4 bats
  2 endoplasms
  3 giant cockroaches (D:2)
  4 goblins
  3 hobgoblins
  A quokka (D:1)
  2 frilled lizards (D:2)
  3 kobolds
  5 rats
30 creatures vanquished.

Notes
Turn   | Place    | Note
-------+----------+-------------------------------------------
     0 | D:1      | Hellonello the Octopode Shapeshifter began the quest for
                  | the Orb.
     0 | D:1      | Reached XP level 1. HP: 13/13 MP: 1/1
   317 | D:1      | Reached XP level 2. HP: 13/18 MP: 2/2
   394 | D:1      | You fall into a shaft and drop 1 floor!
   695 | D:1      | Found Gidein's Weapon Shoppe.
  1140 | D:2      | Reached XP level 3. HP: 14/23 MP: 3/3
  1289 | D:2      | Found Vaorer's Jewellery Emporium.
  1337 | D:2      | HP: 1/23 [orc/+0 falchion (2)]
  1337 | D:2      | Slain by an orc

Illustrated notes

Levels and vault maps discovered:
D:1:      arrival_zaba_pyramid, layout_basic, serial_shops,
          nicolae_shop_tiny_glass
D:2:      layout_rooms, serial_shops, nicolae_shop_advertising_works
          [nicolae_subvault_shop_adworks], nicolae_nh_oracle_at_delphi

Skill      XL: |  1  2  3 |
---------------+----------+-----
Dodging        | 3 |  3.0
Fighting       | |  1.0
Unarmed Combat | |  3.0
Shapeshifting  | |  3.6

Action                     || total
---------------------------++-------
  Melee: Unarmed           ||    51
         Constrict         ||    15
         Tentacles         ||     7
         Punch             ||     1
    Use: Scroll            ||     5
   Stab: Sleeping          ||     3
 Armour: Skin              ||    22
  Dodge: Dodged            ||    27

Table legend: (Time is in decaauts)
 A = Elapsed time spent in this place.
 B = Non-inter-level travel time spent in this place.
 C = Inter-level travel time spent in this place.
 D = Time resting spent in this place.
 E = Time spent auto-exploring this place.
 F = Levels seen in this place.
 G = Mean time per level.
                   A        B        C        D        E       F      G
               +--------+--------+--------+--------+--------+-----+--------+
         Total |   1334 |   1320 |     14 |    105 |   1027 |   2 |  667.0 |
       Dungeon |   1334 |   1320 |     14 |    105 |   1027 |   2 |  667.0 |
               +--------+--------+--------+--------+--------+-----+--------+

Top non-repeatable levels by time:
     D:1: 1053 daAuts
     D:2: 281 daAuts
